 Dungeon Crawl Stone Soup version 0.24-a0-459-g225fefd530 (webtiles) character file.

Game seed: 13038929497049875133

120 ohad the Digger (level 5, -1/29 HPs)
             Began as a Gargoyle Earth Elementalist on June 29, 2019.
             Engulfed by Ijyb's freezing vapour (21 damage)
             ... on level 3 of the Dungeon.
             The game lasted 00:07:10 (2932 turns).

ohad the Digger (Gargoyle Earth Elementalist)       Turns: 2932, Time: 00:07:11

Health: -1/29      AC: 10    Str: 12    XL:     5   Next: 4%
Magic:  4/8        EV: 10    Int: 16    God:
Gold:   51         SH:  0    Dex: 10    Spells: 2/8 levels left

rFire    . . .     SeeInvis .   e - +0 dagger
rCold    . . .     Gourm    .   (no shield)
rNeg     + . .     Faith    .   f - +0 ring mail
rPois    ∞         Spirit   .   a - +0 helmet
rElec    +         Reflect  .   (no cloak)
rCorr    +         Harm     .   (no gloves)
MR       .....                  (no boots)
Stlth    +.........             (no amulet)
HPRegen  0.09/turn              g - ring of resist corrosion
MPRegen  0.11/turn              (no ring)

@: no status effects
A: negative energy resistance 1, electricity resistance, unbreathing,
petrification resistance, rot immunity, AC +4
a: no special abilities


You were on level 3 of the Dungeon.
You were not hungry.

You visited 1 branch of the dungeon, and saw 3 of its levels.

You collected 51 gold pieces.

Inventory:

Hand Weapons
 e - a +0 dagger (weapon)
 s - a +0 morningstar
Missiles
 b - 64 stones (quivered)
 o - 20 poisoned darts
Armour
 a - a +0 helmet (worn)
 c - a +0 robe
 f - a +0 ring mail (worn)
 u - a +0 scale mail
Jewellery
 g - a ring of resist corrosion (left hand)
Scrolls
 j - 3 scrolls of remove curse {unknown}
 l - 3 scrolls of immolation {unknown}
 p - a scroll of random uselessness {unknown}
 r - 2 scrolls of teleportation {unknown}
 t - a scroll of identify {unknown}
 v - a scroll of enchant weapon {unknown}
 w - a scroll of blinking {unknown}
Potions
 h - a potion of brilliance {unknown}
 i - a potion of degeneration {unknown}
 k - a potion of lignification {unknown}
 m - a potion of ambrosia {unknown}
 n - a potion of heal wounds {unknown}
Comestibles
 d - 2 rations
 q - 3 chunks of flesh


   Skills:
 * Level 1.5 Fighting
 - Level 1.5 Dodging
 - Level 2.1 Stealth
 - Level 2.0 Spellcasting
 * Level 0.8 Conjurations
 - Level 0.7 Transmutations
 * Level 6.2 Earth Magic


You had 2 spell levels left.
You knew the following spells:

 Your Spells              Type           Power        Failure   Level  Hunger
a - Sandblast             Erth           ###...       3%          1    #......
b - Passwall              Tmut/Erth      ##......     17%         2    ###....
c - Stone Arrow           Conj/Erth      ##....       32%         3    ###....

Your spell library contained the following spells:

 Spells                   Type           Power        Failure   Level  Hunger
 Lee's Rapid Deconstruct  Erth           ###.......   69%         5    ######.
 Petrify                  Tmut/Erth      ##......     75%         4    #####..


Dungeon Overview and Level Annotations

Branches:
Dungeon (3/15)

Altars:
Qazlal

Annotations:
D:3 Ijyb


Innate Abilities, Weirdness & Mutations

You are resistant to torment.
Your stone body is resilient. (AC +4)
You are immune to poison.
You resist negative energy. (rN+)
You are resistant to electric shocks. (rElec)
You can survive without breathing.
You are immune to petrification.
You are immune to rotting.


Message History

b - 64 stones Ijyb zaps a wand.
Ijyb creates a blast of freezing vapour!
Unknown command.
You barely miss Ijyb.
You are engulfed in freezing vapours.
Ijyb zaps a wand.
Ijyb creates a blast of freezing vapour!
Casting: Sandblast (safe; 3% risk of failure)
Confirm with . or Enter, or press ? or * to list all spells.
Okay, then.
Casting: Sandblast (safe; 3% risk of failure)
Confirm with . or Enter, or press ? or * to list all spells.
Okay, then.
Casting: Sandblast (safe; 3% risk of failure)
Confirm with . or Enter, or press ? or * to list all spells.
Aiming: Passwall (safe; 17% risk of failure)
Press: ? - help, Dir - move target cursor, p - Ijyb A rock wall.
You are engulfed in freezing vapours.
Ouch! That really hurt!
You die...

##.##..............
#.....#####..######
#.....#............
#.....#....#>######
#.....#....#.......
##§##.#..>.#.#.####
#§##.#.##.#.#.....
#§##)#.##.#.#.....
#@##.#.##.#.#.####
#g##.#.##.#<#.....
#g##.#.##(#.#####.
#r##.#....#.# #.
#.##.######.#####.
..##..............
##########.....##.
#.....##. #.....##.


You could see Ijyb, a quokka and a hobgoblin.

Vanquished Creatures
  An adder (D:2)
  2 oozes
  2 worms
  4 dart slugs
  2 leopard geckos (D:1)
  4 orcs (D:3)
  9 bats
  3 giant cockroaches
  10 goblins
  9 hobgoblins
  10 jackals
  A quokka (D:3)
  A ball python (D:1)
  5 frilled lizards
  8 kobolds
  4 rats
75 creatures vanquished.

Vanquished Creatures (others)
  A frilled lizard (D:2)
1 creature vanquished.

Grand Total: 76 creatures vanquished

Notes
Turn   | Place    | Note
-------+----------+-------------------------------------------
     0 | D:1      | ohad the Gargoyle Earth Elementalist began the quest for
                  | the Orb.
     0 | D:1      | Reached XP level 1. HP: 10/10 MP: 3/3
   122 | D:1      | Reached skill level 4 in Earth Magic
   184 | D:1      | Reached XP level 2. HP: 12/16 MP: 3/5
   558 | D:1      | Reached XP level 3. HP: 20/20 MP: 4/6
   889 | D:1      | Reached skill level 1 in Fighting
   942 | D:1      | Reached skill level 5 in Earth Magic
  1529 | D:2      | Learned a level 2 spell: Passwall
  1533 | D:2      | Learned a level 3 spell: Stone Arrow
  1553 | D:2      | Reached XP level 4. HP: 25/25 MP: 7/7
  1608 | D:2      | Found a stormy altar of Qazlal.
  2433 | D:3      | Reached skill level 6 in Earth Magic
  2685 | D:3      | Reached XP level 5. HP: 18/29 MP: 4/8
  2925 | D:3      | Noticed Ijyb
  2932 | D:3      | Engulfed by Ijyb's freezing vapour

Levels and vault maps discovered:
D:1:      lightli_arrival_quake, layout_loops_corners, minmay_indecisive_spiral
D:2:      layout_basic, grunt_qazlal_clouds
D:3:      layout_basic, first_ration, uniq_ijyb

Skill      XL: |  1  2  3  4 |
---------------+-------------+-----
Earth Magic    | 4 5 6 |  6.2
Fighting       | 1 |  1.5
Dodging        | |  1.5
Stealth        | |  2.1
Spellcasting   | |  2.0
Conjurations   | |  0.8
Transmutations | |  0.7

Action                   |  1- 3 |  4- 6 || total
-------------------------+-------+-------++-------
Melee: Unarmed           |     8 |       ||     8
       Dagger            |   107 |   128 ||   235
Throw: Stone             |     1 |       ||     1
 Cast: Sandblast         |    29 |    24 ||    53
       Passwall          |       |     1 ||     1
 Stab: Sleeping          |     5 |       ||     5
  Eat: Chunk             |     3 |     5 ||     8
Armor: Robe              |    36 |     2 ||    38
       Ring mail         |       |    60 ||    60
Dodge: Dodged            |    79 |    74 ||   153

Table legend:
 A = Non-vault XP
 B = Vault XP
 C = Vault XP percentage of total XP
 D = Non-vault monster count
 E = Vault monster count
 F = Vault count percentage of total count
                 A         B        C        D         E       F
            +---------+---------+-------+---------+---------+-------
      Total |     160 |      12 |   7.0 |      71 |       4 |   5.3
            +---------+---------+-------+---------+---------+-------
        D:1 |      57 |      12 |  17.4 |      31 |       4 |  11.4
        D:2 |      52 |       0 |   0.0 |      19 |       0 |   0.0
        D:3 |      51 |       0 |   0.0 |      21 |       0 |   0.0
            +---------+---------+-------+---------+---------+-------
